 Dungeon Crawl Stone Soup version 0.20.1 (webtiles) character file.

34594 Sunburn the Carver (level 14, -9/151 HPs)
             Began as a Halfling Assassin on July 2, 2017.
             Was a High Priest of Dithmenos.
             Mangled by a dream sheep (15 damage)
             ... on level 5 of the Lair of Beasts.
             The game lasted 01:32:42 (20484 turns).

Sunburn the Carver (Halfling Assassin)             Turns: 20484, Time: 01:32:43

Health: -9/151     AC: 27    Str: 12    XL:     14   Next: 14%
Magic:  0/18       EV:  3    Int: 13    God:    Dithmenos [*****.]
Gold:   1247       SH:  0    Dex: 19    Spells: 6/19 levels left

rFire    . . .     SeeInvis .   B - +0 morningstar
rCold    . . .     Gourm    .   (shield restricted)
rNeg     + + +     Faith    .   (armour currently unavailable)
rPois    +         Spirit   +   (helmet currently unavailable)
rElec    .         Reflect  .   (cloak currently unavailable)
rCorr    .         Harm     .   (gloves currently unavailable)
MR       ++...     NoTele   +   (boots currently unavailable)
Stlth    +++++++...             z - amulet of guardian spirit
Regen    0.8/turn               v - ring of Shadows {Umbra +Inv Stlth+}
MPRegen  0.2/turn               k - +2 ring of intelligence

@: tree-form (expiring), sleeping, wreathed by umbra
A: magic resistance 1, mutation resistance 1, regeneration 1
a: Shadow Step, Shadow Form, Renounce Religion, Evoke Invisibility


You were on level 5 of the Lair of Beasts.
You worshipped Dithmenos.
Dithmenos was extremely pleased with you.
You were very full.
You were a tree.
You visited 3 branches of the dungeon, and saw 21 of its levels.

You collected 1859 gold pieces.
You spent 612 gold pieces at shops.

Inventory:

Hand Weapons
 l - a +1 scimitar
 B - a +0 morningstar (weapon)
 C - a +1 falchion of distortion
 D - a +1 dagger of venom
 E - a +0 hunting sling
 G - a cursed +5 trident
 I - a +2 mace of crushing
 O - a +3 arbalest
Missiles
 c - 100 sling bullets
 e - 33 poisoned needles
 f - 2 curare-tipped needles
 h - 6 steel tomahawks (quivered)
 N - 3 poisoned tomahawks
 S - 18 tomahawks
Armour
 d - a +2 cloak (melded)
 m - a +0 pair of boots (melded)
 n - a +2 scale mail of fire resistance
 o - the +2 pair of gloves of the Barracuda (melded) {rN+ Regen+}
   (You found it on level 7 of the Dungeon)

   It protects you from negative energy.
   It increases your rate of regeneration.
 r - a +0 hat
 K - a +0 helmet (melded)
 L - a scarf of cloud immunity
 Q - a +0 troll leather armour (melded)
 R - +0 acid dragon scales
 V - a +2 robe of magic resistance
Magical Staves
 j - an uncursed staff of air
Jewellery
 k - a +2 ring of intelligence (right branch)
 v - the ring of Shadows (left branch) {Umbra +Inv Stlth+}
   (You found it on level 1 of the Lair of Beasts)

   [ring of stealth]

   It lets you turn invisible.
   It makes you more stealthy.
 y - an uncursed ring of protection from cold
 z - an amulet of guardian spirit (around neck)
Wands
 F - a wand of enslavement (24/24)
 H - a wand of disintegration (18/24)
 J - a wand of lightning (11/15)
 M - a wand of paralysis (22/24)
 U - a wand of paralysis (0/24)
Scrolls
 b - 3 scrolls of enchant armour
 i - 3 scrolls of amnesia
 s - 4 scrolls of remove curse
Books
 q - a book of Maledictions

   Spells                             Type                      Level
   a - Corona                         Hexes                        1
   b - Ensorcelled Hibernation        Hexes/Ice                    2
   c - Confuse                        Hexes                        3
   d - Tukima's Dance                 Hexes                        3
   e - Dazzling Spray                 Conjuration/Hexes            3
 u - a book of Minor Magic

   Spells                             Type                      Level
   a - Magic Dart                     Conjuration                  1
   b - Blink                          Translocation                2
   c - Call Imp                       Summoning                    2
   d - Slow                           Hexes                        2
   e - Conjure Flame                  Conjuration/Fire             3
   f - Mephitic Cloud                 Conjuration/Poison/Air       3
 w - a book of Frost

   Spells                             Type                      Level
   a - Freeze                         Ice                          1
   b - Throw Frost                    Conjuration/Ice              2
   c - Ozocubu's Armour               Charms/Ice                   3
   d - Throw Icicle                   Conjuration/Ice              4
   e - Summon Ice Beast               Ice/Summoning                4
Comestibles
 g - a bread ration
 t - 5 royal jellies
 x - 4 meat rations
 P - 6 fruits


   Skills:
 * Level 11.1 Fighting
 - Level 5.1(11.9) Short Blades
 * Level 13.9(14.2) Long Blades
 - Level 3.1 Maces & Flails
 - Level 2.0 Throwing
 * Level 10.3 Dodging
 - Level 5.8 Stealth
 - Level 3.2 Spellcasting
 - Level 1.9 Hexes
 - Level 5.0 Translocations
 - Level 1.8 Ice Magic
 * Level 2.4 Invocations
 - Level 2.6 Evocations


You had 6 spell levels left.
You knew the following spells:

 Your Spells              Type           Power        Failure   Level  Hunger
a - Freeze                Ice            #...         11%         1    #......
b - Ozocubu's Armour      Chrm/Ice       #.......     43%         3    ###....
c - Blink                 Tloc           N/A          4%          2    ##.....
d - Slow                  Hex            #.......     16%         2    ##.....
e - Ensorcelled Hibernat  Hex/Ice        #.....       16%         2    ##.....
f - Dazzling Spray        Conj/Hex       #.....       41%         3    ###....


Dungeon Overview and Level Annotations

Branches:
Dungeon (14/15)            Temple (0/1) D:5            Lair (5/6) D:10
    Orc (2/2) D:12            Elf (0/3) Orc:2
  Swamp: Lair:2-4    Shoals: Lair:2-4     Snake: Lair:2-4    Spider: Lair:2-4
  Slime: Lair:5-6    Vaults: D:13-14

Altars:
Dithmenos
Fedhas
Hepliaklqana
Nemelex Xobeh
Ru
Trog
Uskayaw
Xom

Shops:
D:8 !   Orc:1 !   Orc:2 *

Annotations:
D:3 polve's ghost, amateur DrTm
D:4 2 transporters
D:8 Gastronok


Innate Abilities, Weirdness & Mutations

You are small and have problems with some larger weapons.
You are somewhat resistant to further mutation.
You are resistant to hostile enchantments. (MR+)
Your natural rate of healing is unusually fast.


Message History

The dream sheep ruffle their wool and motes of dream dust sparkle, to no effect.
The four-headed hydra bites you but does no damage. x2
The four-headed hydra completely misses you.
The four-headed hydra bites you but does no damage.
The dream sheep bites you but does no damage.
You puncture the four-headed hydra!
You kill the four-headed hydra!
Dithmenos accepts your kill.
The bullfrog hits you but does no damage.
The dream sheep bites you but does no damage.
The bullfrog hits you but does no damage.
The dream sheep bites you but does no damage.
The dream sheep ruffle their wool and motes of dream dust sparkle, to no effect.
Unknown command.
You closely miss the bullfrog.
The bullfrog hits you but does no damage. x2
The dream sheep shake their wool and sparkle.
You feel drowsy...
You fall asleep.
The dream sheep bites you!
You die...

#.......# #..#....#
##......## ##.......#
#..[.>...# ###........##
##.##........##
#............P#
#.#.......♣Y..##
#......F†Y..P#
##...........P##
..$..............# .
..#.........PPP.P#...
.[...........PPP......
.....P........PP.....#
#....#.........P....## .
...................#.#..


You could see a bullfrog and 2 dream sheep.

Vanquished Creatures
  A hydra (Lair:5)
  A centaur warrior (D:13)
  9 two-headed ogres
  An orc high priest (Orc:2)
  An orc knight (Orc:2)
  2 deep elf magi
  5 ugly things
  An orc sorcerer (Orc:2)
  2 manticores
  3 cyclopes
  2 black mambas
  5 spiny frogs
  5 komodo dragons
  5 trolls
  2 hippogriffs
  A slime creature (D:12)
  5 dream sheep (Lair:5)
  2 wyverns
  A wraith (D:13)
  16 yaks
  A human (D:8)
  Grum (D:9)
  4 hogs (D:8)
  2 hungry ghosts (D:12)
  2 acid dragons
  A warg (Orc:2)
  4 water moccasins
  A swamp worm (Lair:3)
  A porcupine (Lair:4)
  5 ice beasts
  3 black bears
  An eye of draining (D:8)
  18 orc warriors
  A hornet zombie (D:13)
  A phantom (D:12)
  4 sky beasts
  9 ogres
  10 wolves
  10 centaurs
  8 crocodiles
  2 big kobolds
  12 bullfrogs
  A water moccasin zombie (D:9)
  6 scorpions
  2 wyvern skeletons
  9 wights
  2 howler monkeys (D:7)
  8 crimson imps
  2 centaur zombies
  A quasit (D:9)
  3 bullfrog zombies
  9 hounds
  2 jellies
  3 bullfrog skeletons
  8 orc priests
  3 centaur skeletons
  25 orc wizards
  11 worker ants
  A hell rat (Lair:3)
  2 hound zombies
  3 hound skeletons
  A howler monkey zombie (D:11)
  A worker ant zombie (D:10)
  A howler monkey skeleton (D:8)
  4 gnolls (Orc:2)
  16 adders
  4 shadow imps
  An adder zombie (D:7)
  3 worms
  4 dart slugs
  6 leopard geckos
  56 orcs
  10 bats
  8 giant cockroaches
  8 goblins
  10 hobgoblins
  6 jackals
  2 quokkas
  A ball python (D:3)
  3 frilled lizards
  13 kobolds
  3 rats (D:1)
  A butterfly (Lair:4)
434 creatures vanquished.

Vanquished Creatures (collateral kills)
  A centaur warrior (D:13)
  An acid dragon (D:13)
  An orc warrior (D:13)
3 creatures vanquished.

Vanquished Creatures (others)
  An orc wizard (Orc:2)
  3 plants (Lair:3)
4 creatures vanquished.

Grand Total: 441 creatures vanquished

Notes
Turn   | Place    | Note
-------+----------+-------------------------------------------
     0 | D:1      | Sunburn the Halfling Assassin began the quest for the Orb.
     0 | D:1      | Reached XP level 1. HP: 14/14 MP: 1/1
   217 | D:1      | Found a sparkling altar of Nemelex Xobeh.
   228 | D:1      | Reached XP level 2. HP: 19/19 MP: 2/2
   739 | D:1      | Reached skill level 5 in Stealth
   962 | D:2      | Reached XP level 3. HP: 24/24 MP: 3/3
  1789 | D:3      | Reached XP level 4. HP: 17/29 MP: 4/4
  2393 | D:2      | Found a shadowy altar of Dithmenos.
  2495 | D:3      | Noticed polve's ghost (amateur DrTm)
  2531 | D:2      | Reached XP level 5. HP: 34/34 MP: 5/5
  2726 | D:3      | Found a sacrificial altar of Ru.
  3000 | D:2      | Became a worshipper of Dithmenos the Shadowed
  3045 | D:4      | Found a transporter.
  3171 | D:4      | Learned a level 1 spell: Freeze
  3175 | D:4      | Learned a level 3 spell: Ozocubu's Armour
  3261 | D:4      | Found a transporter.
  3612 | D:4      | Reached XP level 6. HP: 33/41 MP: 6/6
  4021 | D:5      | Entered Level 5 of the Dungeon
  4050 | D:5      | Found a hide-covered altar of Uskayaw.
  4320 | D:5      | Found a staircase to the Ecumenical Temple.
  4363 | D:5      | Gained mutation: You are occasionally teleported next to monsters. [potion of mutation]
  4812 | D:5      | Reached XP level 7. HP: 29/49 MP: 7/7
  5366 | D:5      | Reached skill level 5 in Fighting
  5862 | D:6      | Learned a level 2 spell: Blink
  6441 | D:7      | Got a pair of jewelled gloves
  6447 | D:7      | Identified the +2 pair of gloves of the Barracuda {rN+ Regen+} (You found it on level 7 of the Dungeon)
  6494 | D:7      | Found a bloodstained altar of Trog.
  6494 | D:7      | Found a hazy altar of Hepliaklqana.
  6647 | D:7      | Reached skill level 1 in Translocations
  6671 | D:7      | Reached * piety under Dithmenos
  6696 | D:7      | Reached skill level 5 in Short Blades
  6696 | D:7      | Reached XP level 8. HP: 47/56 MP: 8/8
  6950 | D:7      | Noticed a two-headed ogre
  6965 | D:7      | Killed a two-headed ogre
  6965 | D:7      | Reached XP level 9. HP: 18/63 MP: 9/9
  7063 | D:7      | Learned a level 2 spell: Slow
  7169 | D:8      | Found a shimmering altar of Xom.
  7268 | D:9      | You fall through a shaft!
  7268 | D:10     | Entered Level 10 of the Dungeon
  7427 | D:9      | Reached skill level 5 in Dodging
  7554 | D:9      | Noticed Grum
  7554 | D:9      | Noticed a brown ugly thing
  7560 | D:8      | Noticed a two-headed ogre
  7606 | D:8      | Lost mutation: You are occasionally teleported next to monsters. [potion of mutation]
  7639 | D:8      | Reached skill level 1 in Long Blades
  7675 | D:8      | Reached skill level 5 in Translocations
  7763 | D:8      | Reached skill level 2 in Long Blades
  7925 | D:8      | Reached skill level 3 in Long Blades
  7925 | D:8      | Reached XP level 10. HP: 49/72 MP: 6/10
  8021 | D:8      | Noticed a two-headed ogre
  8485 | D:8      | Reached skill level 4 in Long Blades
  8505 | D:8      | Noticed Gastronok
  8825 | D:7      | Reached ** piety under Dithmenos
  8956 | D:7      | Reached skill level 5 in Long Blades
  9302 | D:8      | Found Yrijig's Distillery.
  9321 | D:8      | Bought 2 potions of heal wounds for 140 gold pieces
  9321 | D:8      | Bought a potion of heal wounds for 70 gold pieces
  9497 | D:8      | Found a blossoming altar of Fedhas.
  9619 | D:10     | Found a staircase to the Lair.
  9765 | D:10     | Reached skill level 6 in Long Blades
  9880 | D:9      | Killed Grum
 10273 | D:11     | Noticed a manticore
 10481 | D:9      | Noticed a two-headed ogre
 10516 | D:9      | Reached skill level 7 in Long Blades
 10676 | D:9      | Killed a two-headed ogre
 10676 | D:9      | Reached XP level 11. HP: 78/78 MP: 11/11
 10757 | D:9      | Reached skill level 8 in Long Blades
 10949 | D:8      | Killed a two-headed ogre
 11231 | D:9      | Killed a brown ugly thing
 11231 | D:9      | Reached *** piety under Dithmenos
 11231 | D:9      | Reached skill level 9 in Long Blades
 11409 | D:9      | Gained mutation: Your natural rate of healing is unusually fast. [mutagenic meat]
 11517 | Lair:1   | Entered Level 1 of the Lair of Beasts
 12008 | Lair:1   | Reached skill level 1 in Evocations
 12372 | Lair:2   | Reached skill level 10 in Long Blades
 13128 | D:10     | Killed a manticore
 13228 | D:10     | Reached XP level 12. HP: 85/85 MP: 13/13
 13632 | D:11     | Reached **** piety under Dithmenos
 13670 | D:11     | Learned a level 2 spell: Ensorcelled Hibernation
 13887 | D:12     | Reached skill level 11 in Long Blades
 13895 | D:12     | Noticed a two-headed ogre
 13899 | D:12     | Reached skill level 1 in Hexes
 13920 | D:12     | Killed a two-headed ogre
 13920 | D:12     | Reached skill level 1 in Ice Magic
 14100 | D:12     | Reached skill level 1 in Spellcasting
 14143 | D:12     | Learned a level 3 spell: Dazzling Spray
 14658 | D:12     | Noticed a skeletal warrior
 14684 | D:12     | Noticed a skeletal warrior
 14685 | D:12     | Noticed a skeletal warrior
 14820 | D:13     | Noticed a two-headed ogre
 14829 | D:13     | Noticed a two-headed ogre
 14844 | D:13     | Killed a two-headed ogre
 14856 | D:13     | Killed a two-headed ogre
 15006 | D:12     | Found a staircase to the Orcish Mines.
 15137 | Orc:1    | Entered Level 1 of the Orcish Mines
 15463 | Orc:2    | Entered Level 2 of the Orcish Mines
 15469 | Orc:2    | Reached skill level 12 in Long Blades
 15695 | Orc:2    | Found a staircase to the Elven Halls.
 15851 | Orc:2    | Found Minamus's Assorted Antiques.
 15859 | Orc:2    | Bought a crystal shortbow for 192 gold pieces
 15862 | Orc:2    | Identified the +4 shortbow of Strategic Superiority {freeze, rElec Str-5 Dex+2 SInv} (You bought it in a shop on level 2 of the Orcish Mines)
 16056 | D:13     | Found a blossoming altar of Fedhas.
 16086 | D:13     | Reached XP level 13. HP: 92/92 MP: 16/16
 16100 | D:13     | Reached skill level 10 in Fighting
 16354 | D:14     | Found a sparkling altar of Nemelex Xobeh.
 16731 | D:13     | Found a bloodstained altar of Trog.
 16846 | D:13     | Noticed a centaur warrior
 16867 | D:13     | Found a hide-covered altar of Uskayaw.
 16879 | D:13     | Killed a centaur warrior
 16942 | D:13     | Got a faintly humming leather armour
 16953 | D:13     | Identified the +2 leather armour of Peek-a-Boo {Str+3 Dex-5} (You found it on level 13 of the Dungeon)
 17048 | D:13     | Noticed a centaur warrior
 17070 | D:13     | Killed a centaur warrior
 17235 | D:13     | Paralysed by a big kobold for 7 turns
 17258 | D:13     | Paralysed by a big kobold for 4 turns
 17282 | D:13     | Noticed a centaur warrior
 17353 | D:13     | Reached skill level 13 in Long Blades
 17567 | D:13     | Gained mutation: You are resistant to hostile enchantments. (MR+) [mutagenic meat]
 17796 | Orc:1    | Found Enlof's Distillery.
 17808 | Orc:1    | Reached ***** piety under Dithmenos
 17882 | Orc:1    | Bought a potion of might for 56 gold pieces
 17882 | Orc:1    | Bought a potion of curing for 42 gold pieces
 17882 | Orc:1    | Bought a potion of heal wounds for 70 gold pieces
 17882 | Orc:1    | Bought a potion of curing for 42 gold pieces
 18563 | Orc:2    | Noticed an orc warlord
 19401 | Lair:4   | Reached skill level 10 in Dodging
 19628 | Lair:4   | Reached skill level 1 in Invocations
 20185 | Lair:4   | Reached XP level 14. HP: 101/101 MP: 18/18
 20481 | Lair:5   | HP: 7/151 [four-headed hydra (6)]
 20484 | Lair:5   | Mangled by a dream sheep

Skill      XL: |  1  2  3  4  5  6  7  8  9 10 11 12 13 14 |
---------------+-------------------------------------------+-----
Stealth        | 5 |  5.8
Fighting       | 2 4 5 6 7 8 9 11 | 11.1
Short Blades   | 3 4 5 |  5.1
Dodging        | 2 3 4 6 7 8 9 10 | 10.3
Translocations | 1 3 5 |  5.0
Maces & Flails | 2 3 |  3.1
Long Blades    | 3 7 10 12 13 | 13.9
Evocations     | 2 |  2.6
Hexes          | 1 |  1.9
Ice Magic      | 1 |  1.8
Spellcasting   | 2 3 |  3.2
Invocations    | 1 2 |  2.4
Throwing       | |  2.0

Action                   |  1- 3 |  4- 6 |  7- 9 | 10-12 | 13-15 || total
-------------------------+-------+-------+-------+-------+-------++-------
Melee: Dagger            |    99 |   257 |   373 |    17 |       ||   746
       Long sword        |       |       |    45 |    40 |       ||    85
       Morningstar       |       |       |    44 |       |    11 ||    55
       Scimitar          |       |       |       |   856 |   590 ||  1446
 Fire: Hunting sling     |       |    10 |       |       |       ||    10
       Blowgun           |       |       |     2 |     1 |       ||     3
Throw: Tomahawk          |       |       |     7 |     5 |       ||    12
 Cast: Blink             |       |       |       |     5 |       ||     5
Invok: Shadow Step       |       |       |       |     2 |     6 ||     8
Evoke: Wand              |       |       |       |     5 |       ||     5
  Use: Scroll            |     6 |     5 |    10 |    21 |     3 ||    45
       Potion            |       |    10 |     4 |    11 |    10 ||    35
 Stab: Sleeping          |    11 |    11 |     9 |    23 |    12 ||    66
       Distracted        |       |     1 |       |     1 |     1 ||     3
       Invisible         |       |     1 |       |       |       ||     1
  Eat: Chunk             |     3 |     7 |     2 |     5 |    15 ||    32
       Royal jelly       |       |     1 |       |     2 |       ||     3
       Bread ration      |       |       |     2 |     6 |     2 ||    10
Armor: Robe              |    19 |       |       |       |       ||    19
       Leather armour    |     6 |    47 |    58 |    38 |       ||   149
       Skin              |       |     2 |       |       |   191 ||   193
       Animal skin       |       |       |       |    53 |       ||    53
       Acid dragon scale |       |       |       |    72 |    12 ||    84
       Troll leather arm |       |       |       |       |    69 ||    69
Dodge: Dodged            |    66 |   173 |   352 |   983 |   507 ||  2081
       Rpst.: Long sword |       |       |    22 |    15 |       ||    37
       Scimitar          |       |       |       |   245 |   123 ||   368
